 Dungeon Crawl Stone Soup version 0.25.1-8-g42b30a86e7 (webtiles) character file.

Game seed: 9210740790258437922

252 hawla the Conjurer (level 5, -2/38 HPs)
             Began as a Draconian Conjurer on Dec 11, 2020.
             Was an Initiate of Vehumet.
             Slain by an orc wizard
             ... wielding a +0 dagger
              (7 damage)
             ... on level 4 of the Dungeon.
             The game lasted 00:08:24 (3951 turns).

hawla the Conjurer (Draconian Conjurer)             Turns: 3951, Time: 00:08:24

Health: -2/38      AC:  5    Str: 10    XL:     5   Next: 89%
Magic:  0/11       EV: 12    Int: 17    God:    Vehumet [......]
Gold:   139        SH:  0    Dex: 11    Spells: 5/12 levels left

rFire    . . .     SeeInvis .   (no weapon)
rCold    . . .     Gourm    .   (no shield)
rNeg     . . .     Faith    .   (armour unavailable)
rPois    .         Spirit   .   (helmet restricted)
rElec    .         Reflect  .   (no cloak)
rCorr    .         Harm     .   (no gloves)
MR       .....                  (no boots)
Stlth    +.........             (no amulet)
HPRegen  0.12/turn              (no ring)
MPRegen  0.12/turn              (no ring)

@: confused, mighty
A: unfitting armour, cold-blooded, AC +5
a: Renounce Religion


You were on level 4 of the Dungeon.
You worshipped Vehumet.
Vehumet was noncommittal.
You were not hungry.

You visited 2 branches of the dungeon, and saw 5 of its levels.

You collected 139 gold pieces.

Inventory:

Missiles
 k - 5 silver boomerangs (quivered)
Scrolls
 d - a scroll of remove curse
 h - a scroll of amnesia
Potions
 c - a potion of haste
 j - a potion of brilliance
Comestibles
 b - 3 rations


   Skills:
 - Level 1.7 Dodging
 - Level 1.7 Stealth
 - Level 4.3 Spellcasting
 + Level 4.6 Conjurations
 * Level 3.1 Translocations


You had 5 spell levels left.
You knew the following spells:

 Your Spells              Type           Power        Failure   Level  Hunger
a - Magic Dart            Conj           ###.         2%          1    None
b - Searing Ray           Conj           ###...       3%          2    ##.....
c - Iskenderun's Mystic   Conj/Tloc      ###.....     30%         4    ####...

Your spell library contained the following spells:

 Spells                   Type           Power        Failure   Level  Hunger
 Dazzling Flash           Conj/Hex       ##....       19%         3    ###....
 Fulminant Prism          Conj/Hex       ##........   52%         4    ####...


Dungeon Overview and Level Annotations

Branches:
Dungeon (4/15)             Temple (1/1) D:4

Altars:
Ashenzari
Dithmenos
Elyvilon
Fedhas
Gozag
Kikubaaqudgha
Makhleb
Nemelex Xobeh
Okawaru
Qazlal
Ru
Sif Muna
Uskayaw
Vehumet
Wu Jian
Yredelemnul


Innate Abilities, Weirdness & Mutations

Your plain brown scales are hard. (AC +5)
You cannot fit into any form of body armour.
You are cold-blooded and may be slowed by cold attacks.


Message History

Aiming: Magic Dart (safe; 2% risk of failure)
Press: ? - help, Shift-Dir - straight line The magic dart hits something but does no damage.
Something hits you.
The giant cockroach bites you but does no damage.
You feel very mighty all of a sudden. The giant cockroach closely misses you.
You hear some strange, mumbled words.
A puff of flame appears from out of thin air!
The puff of flame hits you.
* * * LOW HITPOINT WARNING * * *
You miss something. The giant cockroach barely misses you.
You hear some strange, mumbled words.
You are confused.
The giant cockroach bites you.
* * * LOW HITPOINT WARNING * * *
You bump into the rock wall.
The worker ant twitches its antennae in your direction.
Something hits you!
You die...

#####.....^#.#.#
#......#.#.#
#......#.#.##
#######..#..# #
#.?.......# #
#..#....#..## # #.
#....##..# #
#......#..# #
##..##..##@# ## #
#..# ##..#s{....#
.#
#.#..####..#h####.#
.## #.##..##..##.#
..###..#......#..##
#'#....##....##....
[.......#....#..a..
.....+............#
.....######..###.<#


You could see a hound, a worker ant and a giant cockroach.

Vanquished Creatures
  A bullfrog skeleton (D:4)
  An orc priest (D:4)
  2 orc wizards (D:4)
  Jessica (D:2)
  A worker ant (D:4)
  2 adders
  A gnoll (D:1)
  2 dart slugs
  3 leopard geckos (D:4)
  3 orcs
  5 bats
  4 giant cockroaches
  4 goblins
  4 hobgoblins
  2 quokkas (D:2)
  2 ball pythons
  5 frilled lizards
  8 kobolds
  9 rats
60 creatures vanquished.

Notes
Turn   | Place    | Note
-------+----------+-------------------------------------------
     0 | D:1      | hawla the Draconian Conjurer began the quest for the Orb.
     0 | D:1      | Reached XP level 1. HP: 14/14 MP: 3/3
   385 | D:1      | Reached XP level 2. HP: 20/20 MP: 0/5
   804 | D:1      | Reached XP level 3. HP: 26/26 MP: 2/7
  1203 | D:1      | Learned a level 2 spell: Searing Ray
  1398 | D:2      | Found a shadowy altar of Dithmenos.
  2051 | D:2      | Noticed Jessica
  2058 | D:2      | Killed Jessica
  2058 | D:2      | Reached XP level 4. HP: 33/33 MP: 5/10
  2067 | D:2      | Learned a level 4 spell: Iskenderun's Mystic Blast
  2439 | D:3      | Found a faded altar of an unknown god.
  2759 | D:3      | Found a basalt altar of Yredelemnul.
  2762 | D:3      | Found an ornate altar of the Wu Jian Council.
  2765 | D:3      | Found an iron altar of Okawaru.
  2865 | D:4      | Reached skill level 1 in Translocations
  3060 | D:4      | Found a staircase to the Ecumenical Temple.
  3065 | D:4      | Reached XP level 5. HP: 25/38 MP: 4/11
  3073 | Temple   | Entered the Ecumenical Temple
  3418 | Temple   | Became a worshipper of Vehumet
  3858 | D:4      | Found a blossoming altar of Fedhas.
  3861 | D:4      | Found a stormy altar of Qazlal.
  3863 | D:4      | Found a hide-covered altar of Uskayaw.
  3951 | D:4      | Slain by an orc wizard

Illustrated notes

Levels and vault maps discovered:
D:1:      dpeg_arrival_court, layout_basic, st_stairs_13, dk_noncrumbling_3
D:2:      layout_basic, nicolae_dithmenos_through_a_glass_darkly, first_ration,
          uniq_jessica
D:3:      layout_rooms, grunt_temple_overflow_diamond,
          chequers_ecumenical_altar_lobes
D:4:      layout_basic, nicolae_overflow_hidden_temple, lemuel_round_altar,
          minmay_temple_entry_proselytizer, minmay_misc_feat_iff,
          minmay_misc_feat_tiny
Temple:   compressed_dpeg_triangle_lava_temple

Skill      XL: |  1  2  3  4  5 |
---------------+----------------+-----
Spellcasting   | 3 4 |  4.3
Translocations | 2 3 |  3.1
Dodging        | |  1.7
Stealth        | |  1.7
Conjurations   | |  4.6

Action                   |  1- 3 |  4- 6 || total
-------------------------+-------+-------++-------
Melee: Unarmed           |    15 |    13 ||    28
       Tailslap          |     2 |       ||     2
 Cast: Magic Dart        |    71 |    24 ||    95
       Searing Ray       |     4 |    13 ||    17
  Use: Scroll            |     1 |     7 ||     8
       Potion            |       |     1 ||     1
  Eat: Chunk             |     4 |     4 ||     8
       Ration            |       |     1 ||     1
Armor: Skin              |     9 |    14 ||    23
Dodge: Dodged            |    22 |    29 ||    51
